 Dungeon Crawl Stone Soup version 0.20.0-15-g7f486f2 (webtiles) character file.

576 Monsterracer the Ruffian (level 7, -7/56 HPs)
             Began as a White Draconian Transmuter on June 29, 2017.
             Was an Initiate of Okawaru.
             Mangled by an ogre
             ... wielding a +0 giant spiked club
              (18 damage)
             ... on level 5 of the Dungeon.
             The game lasted 00:14:07 (4996 turns).

Monsterracer the Ruffian (DrTm)                     Turns: 4996, Time: 00:14:08

Health: -7/56      AC:  8    Str: 13      XL:     7   Next: 13%
Magic:  11/11      EV: 12    Int: 10 (15) God:    Okawaru [......]
Gold:   321        SH:  0    Dex:  6 (9)  Spells: 1/10 levels left

rFire    . . .     SeeInvis .     - Unarmed
rCold    + . .     Gourm    .   (no shield)
rNeg     . . .     Faith    .   (armour unavailable)
rPois    .         Spirit   .   (helmet restricted)
rElec    .         Reflect  .   k - +1 cloak
rCorr    .         Harm     .   (no gloves)
MR       .....                  (no boots)
Stlth    +.........             (no amulet)
Regen    0.2/turn               (no ring)
MPRegen  0.2/turn               (no ring)

@: about to teleport
A: breathe frost, unfitting armour, clumsy 1, cold resistance 1, deterioration
1, high mp 1, cold-blooded, AC +6
a: Breathe Frost, Renounce Religion


You were on level 5 of the Dungeon.
You worshipped Okawaru.
Okawaru was noncommittal.
You were not hungry.

You visited 2 branches of the dungeon, and saw 6 of its levels.

You collected 321 gold pieces.

Inventory:

Missiles
 a - 85 arrows
Armour
 k - a +1 cloak (worn)
Jewellery
 i - an uncursed ring of ice
Scrolls
 d - a scroll of remove curse
 e - a scroll of amnesia
 f - 6 scrolls of identify
 g - 3 scrolls of recharging
Potions
 h - a potion of cancellation
 j - a potion of curing
Books
 b - a book of Changes

   Spells                             Type                      Level
   a - Beastly Appendage              Transmutation                1
   b - Sticks to Snakes               Transmutation                2
   c - Spider Form                    Transmutation/Poison         3
   d - Ice Form                       Ice/Transmutation            4
   e - Blade Hands                    Transmutation                5
Comestibles
 c - 6 bread rations
 l - 3 chunks of flesh
 q - 2 meat rations


   Skills:
 + Level 2.8 Fighting
 + Level 2.8 Dodging
 * Level 6.3 Unarmed Combat
 - Level 2.0 Spellcasting
 - Level 4.0 Transmutations
 + Level 0.0 Ice Magic
 - Level 1.0 Invocations


You had one spell level left.
You knew the following spells:

 Your Spells              Type           Power        Failure   Level  Hunger
a - Ice Form              Ice/Tmut       #.......     80%         4    #####..
b - Sticks to Snakes      Tmut           #.......     9%          2    ###....
c - Spider Form           Tmut/Pois      #.........   38%         3    ####...


Dungeon Overview and Level Annotations

Branches:
Dungeon (5/15)             Temple (1/1) D:5

Altars:
Gozag
Okawaru
Sif Muna
Yredelemnul
The Shining One


Innate Abilities, Weirdness & Mutations

You can breathe waves of freezing cold.
You can buffet flying creatures when you breathe cold.
Your icy white scales are hard. (AC +6)
You cannot fit into any form of body armour.
Your flesh is cold resistant. (rC+)
You are cold-blooded and may be slowed by cold attacks.
You are clumsy. (Dex -2)
Your body sometimes deteriorates upon taking damage.
You have an increased reservoir of magic. (+10% MP)


Message History

The orc priest shouts!
The orc priest moves out of view.
The orc wizard moves out of view.
The orc priest misses you.
You see here 25 stones.
What are your orders? t - Shout!
Orders for allies: a - Attack new target. r - Retreat! s - Stop attacking. g - Guard the area. f - Follow me.
Anything else - Cancel.
Okay, then.
As you read the scroll of teleportation, it crumbles to dust.
You feel strangely unstable.
The orc wizard points at you and mumbles some strange words.
The magic dart hits you!
* * * LOW HITPOINT WARNING * * *
The orc priest hits you with a hand axe.
* * * LOW HITPOINT WARNING * * *
The ogre hits you with a giant spiked club!!
You die...

.#....# #.#
##.#.# ......
.#....# #>#
..#.# ......
##....# ###
#..#.# .....
##....# ####
#.##.# ...ยง.
##....####...##
.#.#
##............#
#.#
###...####....#
..# #.........#
#.###..#.#.#
..........#
#.#.@......#
#....>....#
#.#O#oo#...#
#.........#
#.#.#..# .
#.........#
#).o#..#
..........#
#...#..#
#.........#
#...#..#
###########
#......#
#..##.## ....
...


You could see an ogre, an orc priest and 2 orc wizards.

Vanquished Creatures
  A centaur (D:5)
  Blork the orc (D:5)
  An orc priest (D:3)
  A human zombie (D:2)
  2 hounds
  2 orc wizards
  A worker ant (D:4)
  A worker ant zombie (D:5)
  3 gnolls (D:5)
  6 adders
  2 oozes
  An adder zombie (D:4)
  3 adder skeletons
  7 worms
  A dart slug (D:2)
  3 leopard geckos
  18 orcs
  3 giant cockroaches
  8 goblins
  7 hobgoblins
  2 quokkas
  A ball python (D:2)
  6 bats
  9 frilled lizards
  A goblin skeleton (D:2)
  6 kobolds
  A leopard gecko skeleton (D:4)
  7 rats
105 creatures vanquished.

Notes
Turn   | Place    | Note
-------+----------+-------------------------------------------
     0 | D:1      | Monsterracer the Draconian Transmuter began the quest for the Orb.
     0 | D:1      | Reached XP level 1. HP: 16/16 MP: 3/3
   391 | D:1      | Reached XP level 2. HP: 17/23 MP: 3/5
   395 | D:1      | Learned a level 2 spell: Sticks to Snakes
   839 | D:2      | Reached skill level 4 in Unarmed Combat
   988 | D:2      | Reached XP level 3. HP: 28/28 MP: 6/6
  1097 | D:2      | Noticed a human
  1126 | D:2      | Learned a level 3 spell: Spider Form
  1228 | D:2      | Found a runed door.
  1232 | D:2      | Found a basalt altar of Yredelemnul.
  1243 | D:2      | Reached XP level 4. HP: 34/35 MP: 7/7
  1711 | D:3      | Reached skill level 5 in Unarmed Combat
  1711 | D:3      | Reached XP level 5. HP: 11/40 MP: 2/8
  2068 | D:3      | Gained mutation: You are clumsy. (Dex -2) [potion of mutation]
  2068 | D:3      | Gained mutation: Your body sometimes deteriorates upon taking damage. [potion of mutation]
  2068 | D:3      | Gained mutation: You have an increased reservoir of magic. (+10% MP) [potion of mutation]
  2409 | D:3      | Found a deep blue altar of Sif Muna.
  2857 | D:3      | Reached XP level 6. HP: 28/48 MP: 6/9
  3528 | D:4      | Found an opulent altar of Gozag.
  4059 | D:4      | Found a glowing golden altar of the Shining One.
  4141 | D:5      | Entered Level 5 of the Dungeon
  4167 | D:5      | Found a staircase to the Ecumenical Temple.
  4180 | Temple   | Entered the Ecumenical Temple
  4212 | Temple   | Became a worshipper of Warmaster Okawaru
  4324 | D:5      | Found an iron altar of Okawaru.
  4396 | D:5      | Noticed Blork the orc
  4408 | D:5      | Killed Blork the orc
  4408 | D:5      | Reached skill level 6 in Unarmed Combat
  4408 | D:5      | Reached skill level 1 in Invocations
  4668 | D:5      | Noticed an ice beast
  4906 | D:5      | Your scales start taking on an icy white colour.
  4906 | D:5      | Reached XP level 7. HP: 10/56 MP: 4/11
  4906 | D:5      | Gained mutation: Your flesh is cold resistant. (rC+) [White Draconian growth]
  4912 | D:5      | Learned a level 4 spell: Ice Form
  4996 | D:5      | Mangled by an ogre

Skill      XL: |  1  2  3  4  5  6 |
---------------+-------------------+-----
Unarmed Combat | 4 5 6 |  6.3
Transmutations | 3 4 |  4.0
Dodging        | 2 |  2.8
Fighting       | 2 |  2.8
Invocations    | 1 |  1.0
Spellcasting   | |  2.0

Action                   |  1- 3 |  4- 6 |  7- 9 || total
-------------------------+-------+-------+-------++-------
Melee: Unarmed           |   105 |   327 |       ||   432
       Headbutt          |     6 |       |       ||     6
       Kick              |     8 |     2 |       ||    10
       Tailslap          |    10 |    15 |       ||    25
       Punch             |     1 |     2 |       ||     3
 Cast: Beastly Appendage |    13 |     6 |       ||    19
       Spider Form       |       |    14 |       ||    14
       Sticks to Snakes  |       |     2 |       ||     2
  Use: Potion            |     1 |     9 |       ||    10
       Scroll            |       |     9 |     1 ||    10
  Eat: Chunk             |     1 |    15 |     1 ||    17
Armor: Skin              |    26 |    79 |       ||   105
Dodge: Dodged            |    52 |   177 |     1 ||   230
